AoeStats
← g_kmno4_vm

Arabia

506936145Analyzed
1v1 RM · 16d ago on Sep 15, 2026· 32m 51s· 2 players
Game mode
Random Map
Map size
Tiny (2 player)
Population
200
Speed
Normal
Resources
Standard
Victory
Conquest
Starting age
Dark Age
Ending age
Imperial Age
RankedLock teamsTeams togetherTeam positionsShared explorationLock speedFull tech treeHidden civsTurbo modeCheats
Victory
Defeat
🇺🇸 Britons · United States
569
+16
🇪🇸 Cumans · Spain
579
-16
borderpict
7:16 Loom
9:32 Feudal Age
13:54 Wheelbarrow
13:09 Horse Collar
13:19 Double-Bit Axe
18:52 Man-at-Arms
20:51 Gold Mining
20:54 Stone Mining
24:22 Castle Age
25:51 Gold Shaft Mining
25:17 Fletching
25:32 Elite Skirmisher
25:35 Long Swordsman
27:16 Hand Cart
26:51 Pikeman
30:45 Light Cavalry
31:27 Husbandry
33:01 Scale Mail Armor
g_kmno4_vm
13:27 Feudal Age
17:03 Double-Bit Axe
17:52 Loom
21:25 Castle Age
19:14 Horse Collar
29:41 Wheelbarrow
Connection lost

Rejoining the realm…

Still unreachable

The connection could not be restored.

Session expired

The server has moved on; the page needs a fresh start.